 Dungeon Crawl Stone Soup version 0.29.0-11-gd7f09526c8 (webtiles) character file.

Game seed: 11700200418569446006

60 sanka the Chopper (level 3, -1/31 HPs)
             Began as a Minotaur Monk on Sept 6, 2022.
             Killed from afar by Sigmund (7 damage)
             ... with a magic dart
             ... on level 3 of the Dungeon.
             The game lasted 00:02:23 (2476 turns).

sanka the Chopper (Minotaur Monk)                   Turns: 2476, Time: 00:02:23

Health: -1/31      AC:  3    Str: 17    XL:     3   Next: 82%
Magic:  2/2        EV: 12    Int:  7    God:
Gold:   96         SH:  0    Dex: 12    Spells: 2/2 levels left

rFire   . . .      SeeInvis .   l - +0 battleaxe
rCold   . . .      Faith    .   (shield currently unavailable)
rNeg    . . .      Spirit   .   b - +0 robe
rPois   .          Reflect  .   (helmet restricted)
rElec   .          Harm     .   (no cloak)
rCorr   +          Rampage  .   g - +0 pair of gloves
Will    .....                   (no boots)
Stlth   ++........              (no amulet)
HPRegen 0.10/turn               (no ring)
MPRegen 0.08/turn               t - ring of resist corrosion

@: studying Throwing
A: horns 2, retaliatory headbutt
a: no special abilities


You were on level 3 of the Dungeon.
You visited 1 branch of the dungeon, and saw 3 of its levels.

You collected 96 gold pieces.


Innate Abilities, Weirdness & Mutations

You have a pair of horns on your head.
You reflexively headbutt those who attack you in melee.


   Skills:
 - Level 3.6 Fighting
 + Level 5.8 Axes
 - Level 3.2 Dodging
 - Level 1.5 Stealth


You had 2 spell levels left.
You didn't know any spells.
Your spell library contained the following spells:

 Spells                   Type           Power      Damage    Failure   Level
 Beastly Appendage        Tmut           0%         N/A       43%         1
 Wereblood                Tmut           0%         N/A       56%         2
 Spider Form              Tmut/Pois      0%         N/A       80%         3

Inventory:

Hand Weapons
 a - a +0 hand axe
 l - a +0 battleaxe (weapon)
Armour
 b - a +0 robe (worn)
 g - a +0 pair of gloves (worn)
Jewellery
 t - a ring of resist corrosion (right hand)
Scrolls
 d - 3 scrolls of vulnerability {unknown}
 e - a scroll of magic mapping {unknown}
 f - 2 scrolls of teleportation {unknown}
 i - 2 scrolls of noise {unknown}
 p - a scroll of butterflies {unknown}
 q - 2 scrolls of blinking {unknown}
 r - 2 scrolls of identify {unknown}
 s - a scroll of fear {unknown}
Potions
 c - a potion of ambrosia
 h - a potion of lignification {unknown}
 j - a potion of heal wounds {unknown}
 k - 2 potions of invisibility {unknown}
 m - a potion of curing {unknown}
 n - 2 potions of flight {unknown}
 o - a potion of mutation {unknown}

Dungeon Overview and Level Annotations

Branches:
Dungeon (3/15)

Altars:
Makhleb

Annotations:
D:2 1 runed translucent door, Crazy Yiuf
D:3 Sigmund

▒.....▒
▒▒.....▒▒
▒.......▒
▒.......▒ ▒.
▒▒.......▒▒...
▒............
▒.▒......b..▒▒..
.......<.@.....<
..▒...>.H...▒▒.
.......))▒.▒▒
.▒▒......▒ ▒
▒▒......
▒.....▒.
........?▒
▒▒▒▒▒...▒ ▒
▒...▒


You could see Sigmund and a bat.


Message History

Sigmund closely misses you. You furiously retaliate!
You headbutt Sigmund, but do no damage.
Unknown command.
You closely miss Sigmund.
Sigmund is lightly wounded.
The bat closely misses you. Sigmund misses you.
Unknown command.
You hit Sigmund.
Sigmund is lightly wounded.
You hit the bat. The bat hits you but does no damage.
The bat barely misses you. Sigmund hits you with a +0 scythe.
Unknown command.
You barely miss Sigmund. Your headbutt misses Sigmund.
Sigmund is lightly wounded.
The bat closely misses you. The bat hits you.
Sigmund hits you with a +0 scythe!
* * * LOW HITPOINT WARNING * * *
Unknown command.
You closely miss Sigmund.
Sigmund is lightly wounded.
The bat hits you but does no damage. Sigmund gestures at you while chanting.
The magic dart hits you!
You die...

Action                   || total
-------------------------++-------
Melee: Hand axe          ||    60
       Headbutt          ||    13
       Battleaxe         ||    53
 Stab: Sleeping          ||     6
Armor: Robe              ||    31
Dodge: Dodged            ||    84

Levels and vault maps discovered:
D:1:      lemuel_arrival_cross, layout_basic, hellmonk_ecumenical_altar_zigzags,
          serial_rivers, chequers_serial_rivers_small_b,
          chequers_serial_rivers_small_a, chequers_serial_rivers_small_b,
          chequers_serial_rivers_micro_e, palyth_stone_intersect,
          kennysheep_doodads
D:2:      layout_loops_ring, basic_altar, st_stairs_12, roderic_roman_lattice,
          amcnicky_mini_pool_small, uniq_crazy_yiuf_cottage
D:3:      layout_loops_cross, mainiacjoe_overflow_chevrons, marbit_many_paths,
          gammafunk_temple_overflow_forgotten, serial_shops,
          nicolae_shop_behind_doors, uniq_sigmund

Notes
Turn   | Place    | Note
-------+----------+-------------------------------------------
     0 | D:1      | sanka the Minotaur Monk began the quest for the Orb.
     0 | D:1      | Reached XP level 1. HP: 19/19 MP: 0/0
   365 | D:1      | Reached skill level 4 in Axes
   449 | D:1      | Reached XP level 2. HP: 21/26 MP: 1/1
  1122 | D:1      | Found a faded altar of an unknown god.
  1151 | D:1      | Reached skill level 5 in Axes
  1528 | D:2      | Reached XP level 3. HP: 31/31 MP: 2/2
  1634 | D:2      | Found a burning altar of Makhleb.
  1698 | D:2      | Found a runed translucent door.
  1699 | D:2      | Noticed Crazy Yiuf
  2462 | D:3      | Noticed Sigmund
  2476 | D:3      | Killed from afar by Sigmund

Vanquished Creatures
  An adder (D:2)
  A dart slug (D:2)
  A ball python (D:2)
  7 bats
  An endoplasm (D:1)
  A giant cockroach (D:1)
  6 goblins
  2 hobgoblins (D:2)
  9 jackals
  3 quokkas (D:1)
  3 frilled lizards
  3 kobolds
  5 rats (D:1)
43 creatures vanquished.
